 Dungeon Crawl Stone Soup version 0.18-b1-16-g289874d (webtiles) character file.

502 6a6kaBkacke the Skirmisher (level 6, 0/85 HPs)
             Began as a Minotaur Fighter on May 2, 2016.
             Succumbed to Robin's poison
             ... on level 3 of the Dungeon.
             The game lasted 00:09:44 (1733 turns).

6a6kaBkacke the Skirmisher (Minotaur Fighter)       Turns: 1733, Time: 00:09:44

Health: 0/85       AC:  7    Str: 27    XL:     6   Next: 95%
Magic:  5/5        EV:  9    Int:  5    God:
Gold:   127        SH: 10    Dex: 10    Spells: 0 memorised, 5 levels left

rFire  . . .     SeeInvis .     a - +1 trident
rCold  . . .     Gourm    .     b - +0 scale mail
rNeg   . . .     Faith    .     c - +0 shield
rPois  .         Spirit   .     (helmet restricted)
rElec  .         Dismiss  .     (no cloak)
rCorr  .         Reflect  .     (no gloves)
SustAt .         Harm     .     (no boots)
MR     .....                    (no amulet)
Stlth  ..........               (no ring)
                                (no ring)

@: berserking (expiring), lethally poisoned (0 -> -12), very quick, not
resistant to hostile enchantments, extremely unstealthy
A: retaliatory headbutt, horns 2
a: no special abilities


You were on level 3 of the Dungeon.
You were not hungry.

You visited 1 branch of the dungeon, and saw 3 of its levels.

You collected 127 gold pieces.

Inventory:

Hand Weapons
 a - a +1 trident (weapon)
Missiles
 k - 6 javelins (quivered)
Armour
 b - a +0 scale mail (worn)
 c - a +0 shield (worn)
Jewellery
 e - a +3 ring of dexterity
 q - an uncursed ring of protection from fire {unknown}
Scrolls
 g - a scroll of magic mapping
 h - a scroll of remove curse
 l - 3 scrolls of fear
 m - a scroll of enchant weapon
 n - a scroll of random uselessness
 p - a scroll of identify
Potions
 d - a potion of might
Comestibles
 f - 3 bread rations
 i - 3 chunks of flesh
 j - 2 beef jerkies


   Skills:
 * Level 5.8 Fighting
 * Level 4.5 Polearms
 * Level 5.6 Armour
 * Level 3.8 Dodging
 + Level 0.5 Stealth
 - Level 3.6 Shields


You had 5 spell levels left.
You didn't know any spells.

Dungeon Overview and Level Annotations

Branches:
Dungeon (3/15)

Altars:


Innate Abilities, Weirdness & Mutations

You reflexively headbutt those who attack you in melee.
You have a pair of horns on your head.


Message History

You feel sick. You block Robin's attack.
You see here a hobgoblin corpse.
You closely miss Robin. Your headbutt misses Robin.
* * * LOW HITPOINT WARNING * * *
You feel sick. You block Robin's attack.
Your shield and scale mail prevent you from hitting Robin.
* * * LOW HITPOINT WARNING * * *
You feel sick.
You puncture Robin!
Robin is almost dead.
* * * LOW HITPOINT WARNING * * *
You feel sick. Robin barely misses you. You furiously retaliate!
You headbutt Robin!
You kill Robin!
You barely miss the giant newt. Your headbutt misses the giant newt.
* * * LOW HITPOINT WARNING * * *
You feel sick. You block the giant newt's attack.
You puncture the giant newt!
You kill the giant newt!
You die...

#.###.###.# #.#.....#.#
#.#.#.#...####
#.#.#....(...#
#.#.......##.#
###'#.....#.##.########
#......##.#.##.##.....#
#......##.#.##.##.....#
#......##.#.##@##..##.#
#......##.#.#..)......#
#......##+#+#######)###.#
#......#


bggg.g.g.l..# #......# gg########### #......# There were no monsters in sight!

Vanquished Creatures
  Sigmund (D:2)
  The ghost of Kiel97 the Slasher, an amateur HuSk (D:3)
  2 orc wizards (D:3)
  Ijyb (D:2)
  Natasha (twice) (D:2)
  Robin (D:3)
  3 adders
  3 oozes
  2 dart slugs (D:1)
  A giant gecko (D:2)
  4 orcs (D:3)
  A ball python (D:1)
  5 giant cockroaches
  10 goblins
  9 hobgoblins
  6 jackals
  2 quokkas
  12 bats
  6 giant newts
  6 kobolds
  5 rats
83 creatures vanquished.

Notes
Turn   | Place    | Note
--------------------------------------------------------------
     0 | D:1      | 6a6kaBkacke the Minotaur Fighter began the quest for the Orb.
     0 | D:1      | Reached XP level 1. HP: 19/19 MP: 0/0
   123 | D:1      | Reached XP level 2. HP: 23/27 MP: 1/1
   463 | D:1      | You fall through a shaft!
   464 | D:2      | Noticed Sigmund
   474 | D:2      | Reached XP level 3. HP: 33/33 MP: 2/2
   492 | D:2      | Killed Sigmund
   492 | D:2      | Reached skill level 5 in Fighting
   492 | D:2      | Reached skill level 5 in Armour
   492 | D:2      | Reached XP level 4. HP: 10/42 MP: 3/3
   492 | D:2      | Reached XP level 5. HP: 12/48 MP: 4/4
  1016 | D:2      | Noticed Natasha
  1023 | D:2      | Killed Natasha
  1150 | D:2      | Noticed Natasha
  1153 | D:2      | Noticed Ijyb
  1153 | D:2      | Killed Natasha
  1153 | D:2      | Reached XP level 6. HP: 53/56 MP: 5/5
  1162 | D:2      | Killed Ijyb
  1494 | D:3      | Noticed Kiel97's ghost (amateur HuSk)
  1507 | D:3      | Killed Kiel97's ghost
  1699 | D:3      | Noticed Robin
  1730 | D:3      | HP: 3/85 [poisoned by Robin]
  1731 | D:3      | Killed Robin
  1732 | D:3      | HP: 1/85 [poisoned by Robin]
  1733 | D:3      | Succumbed to Robin's poison

Skill      XL: |  1  2  3  4  5  6 |
---------------+-------------------+-----
Fighting       | 4 5 |  5.8
Armour         | 4 5 |  5.6
Polearms       | 3 4 |  4.5
Dodging        | 2 3 |  3.8
Stealth        | |  0.5
Shields        | |  3.6

Action                   |  1- 3 |  4- 6 || total
-------------------------+-------+-------++-------
Melee: Trident           |    67 |   148 ||   215
       Headbutt          |     8 |    13 ||    21
  Use: Scroll            |       |    13 ||    13
       Potion            |       |     4 ||     4
  Eat: Chunk             |       |     3 ||     3
Armor: Scale mail        |    34 |    40 ||    74
Dodge: Dodged            |    32 |    27 ||    59
Block: Shield            |    32 |    62 ||    94
